 Dungeon Crawl Stone Soup version 0.19.5 (console) character file.

69 CALLOUS the Ducker (level 4, -1/27 HPs)
             Began as a Halfling Conjurer on May 12, 2017.
             Slain by a centaur (5 damage)
             ... on level 3 of the Dungeon.
             The game lasted 00:42:58 (3922 turns).

CALLOUS the Ducker (Halfling Conjurer)              Turns: 3922, Time: 00:42:59

Health: -1/27      AC:  9    Str:  8 (10) XL:     4   Next: 42%
Magic:  6/6        EV:  6    Int: 10 (13) God:
Gold:   60         SH:  0    Dex: 11 (14) Spells: 1 memorised, 5 levels left

rFire  . . .     SeeInvis .     i - +1 short sword (holy)
rCold  . . .     Gourm    .     C - +1 chain mail {rN+}
rNeg   + . .     Faith    .     (shield restricted)
rPois  .         Spirit   .     (helmet restricted)
rElec  .         Reflect  .     (no cloak)
rCorr  .         Harm     .     (no gloves)
MR     .....                    (no boots)
Stlth  ..........               (no amulet)
                                (no ring)
                                (no ring)

@: no status effects
A: antennae 1, mutation resistance 1
a: no special abilities


You were on level 3 of the Dungeon.
You were not hungry.

You visited 1 branch of the dungeon, and saw 3 of its levels.

You collected 60 gold pieces.

Inventory:

Hand Weapons
 i - a +1 short sword of holy wrath (weapon)
 t - a +0 dagger of draining
Missiles
 e - 75 stones (quivered)
 l - 17 sling bullets
 n - 31 arrows
 y - a throwing net
Armour
 a - a +0 robe
 C - a +1 chain mail of positive energy (worn)
Jewellery
 k - a cursed ring of loudness {unknown}
 x - an uncursed ring of protection from fire {unknown}
 A - an uncursed ring of wizardry {unknown}
Scrolls
 f - 3 scrolls of identify {unknown}
 h - a scroll of fog {unknown}
 j - a scroll of immolation {unknown}
 q - a scroll of magic mapping {unknown}
 r - a scroll of remove curse {unknown}
 s - a scroll of teleportation {unknown}
 w - 2 scrolls of enchant armour {unknown}
Potions
 d - a potion of lignification
 m - a potion of mutation
 o - 2 potions of haste {unknown}
Books
 b - a book of Conjurations

   Spells                             Type                      Level
   a - Magic Dart                     Conjuration                  1
   b - Searing Ray                    Conjuration                  2
   c - Dazzling Spray                 Conjuration/Hexes            3
   d - Fulminant Prism                Conjuration/Hexes            4
   e - Iskenderun's Mystic Blast      Conjuration                  4
   f - Iskenderun's Battlesphere      Conjuration/Charms           5
Comestibles
 c - 4 bread rations
 p - 10 fruits
 u - a meat ration
 B - 3 chunks of flesh


   Skills:
 * Level 1.6 Short Blades
 * Level 1.9 Armour
 * Level 3.4 Dodging
 + Level 2.8 Stealth
 - Level 1.5 Spellcasting
 - Level 3.2 Conjurations


You had 5 spell levels left.
You knew the following spells:

 Your Spells              Type           Power        Failure   Level  Hunger
a - Magic Dart            Conj           #...         100%        1    ##.....


Dungeon Overview and Level Annotations

Branches:
Dungeon (3/15)

Altars:
Ashenzari
Elyvilon
Gozag

Annotations:
D:2 exclusions: 3 adders and worm


Innate Abilities, Weirdness & Mutations

You are small and have problems with some larger weapons.
You are somewhat resistant to further mutation.
You have a pair of small antennae on your head.


Message History

The centaur hits you but does no damage.
The centaur hits you.
You closely miss the centaur.
The centaur is heavily wounded.
The centaur hits you.
You hit the centaur but do no damage.
The centaur is heavily wounded.
The centaur hits you but does no damage.
The rat bites you but does no damage.
The centaur hits you but does no damage.
You hit the centaur.
The centaur is severely wounded.
The centaur hits you.
* * * LOW HITPOINT WARNING * * *
The rat bites you but does no damage.
You hit the centaur.
The centaur is severely wounded.
The centaur hits you but does no damage.
The rat barely misses you. The centaur hits you.
You die...

..^..)..<.# ..........#
#$........##
..........## #.#.....#?.
...........###.........#
............##.#.⌠.⌠.#.#
..........#.##.........#
#####.###.#.##.#.....#.#
#...#...##...._....#
###.##..##.#.....#.#
#.##...#.c.r(....#####.#
#.##.#...#@(.⌠.#.(((....
#....##........†(#####.#
####.##..#.....#.#
####.............#
#......##.....####
....###..######..### .##
#)..## ##...## #.#..#
###..#####... #..#.##
##......... ##.#..#
#######... #....#


You could see a centaur and a rat.

Vanquished Creatures
  A gnoll (D:3)
  3 worms
  A dart slug (D:2)
  3 giant cockroaches
  3 goblins (D:1)
  7 hobgoblins
  A bat (D:1)
  3 frilled lizards
  15 kobolds
  9 rats
46 creatures vanquished.

Notes
Turn   | Place    | Note
-------+----------+-------------------------------------------
     0 | D:1      | CALLOUS the Halfling Conjurer began the quest for the Orb.
     0 | D:1      | Reached XP level 1. HP: 11/11 MP: 3/3
   314 | D:1      | Reached skill level 1 in Armour
   388 | D:1      | Reached XP level 2. HP: 17/17 MP: 1/4
  1529 | D:1      | Reached XP level 3. HP: 19/21 MP: 2/5
  2006 | D:2      | Gained mutation: You have a pair of small antennae on your head. [potion of mutation]
  2012 | D:2      | Found a shattered altar of Ashenzari.
  2133 | D:2      | Found an opulent altar of Gozag.
  3029 | D:2      | Reached skill level 1 in Short Blades
  3076 | D:2      | Reached XP level 4. HP: 27/27 MP: 3/6
  3690 | D:3      | Found a white marble altar of Elyvilon.
  3911 | D:3      | Noticed a centaur
  3922 | D:3      | Slain by a centaur

Skill      XL: |  1  2  3 |
---------------+----------+-----
Armour         | 1 |  1.9
Dodging        | 3 |  3.4
Short Blades   | 1 |  1.6
Stealth        | |  2.8
Spellcasting   | |  1.5
Conjurations   | |  3.2

Action                   |  1- 3 |  4- 6 || total
-------------------------+-------+-------++-------
Melee: Unarmed           |    32 |       ||    32
       Short sword       |    43 |    49 ||    92
Throw: Stone             |    55 |    38 ||    93
 Cast: Magic Dart        |    85 |     7 ||    92
  Use: Potion            |     4 |       ||     4
  Eat: Chunk             |     5 |     3 ||     8
       Bread ration      |     1 |       ||     1
Armor: Robe              |     6 |     2 ||     8
       Chain mail        |       |    16 ||    16
Dodge: Dodged            |    52 |    23 ||    75
